 Dungeon Crawl Stone Soup version 0.17-a0-1515-gfae3d72 (webtiles) character file.

130 mrath the Digger (level 5, -5/28 HPs)
             Began as a Gargoyle Earth Elementalist on July 12, 2015.
             Was an Initiate of Vehumet.
             Killed by divine providence
             ... invoked by an orc priest
              (8 damage)
             ... on level 4 of the Dungeon.
             The game lasted 00:42:40 (2747 turns).

mrath the Digger (Gargoyle Earth Elementalist)      Turns: 2747, Time: 00:42:41

Health: -5/28      AC:  6    Str: 11    XL:     5   Next: 13%
Magic:  6/11       EV: 12    Int: 19    God:    Vehumet [......]
Gold:   84         SH:  0    Dex: 10    Spells: 4 memorised, 3 levels left

rFire  + . .     SeeInvis .     p - +2 short sword (venom)
rCold  + . .     Clarity  .     b - +0 robe
rNeg   + . .     SustAt   .     (no shield)
rPois  ∞         Gourm    .     j - +0 hat
rElec  +         Spirit   .     (no cloak)
rCorr  +         Warding  .     (no gloves)
rMut   .         Stasis   .     (no boots)
MR     .....                    (no amulet)
Stlth  +.........               (no ring)
                                z - +2 ring of intelligence

@: confused, resistant, not resistant to hostile enchantments, very unstealthy
A: negative energy resistance 1, electricity resistance, unbreathing,
petrification resistance, rot immunity, AC +4
a: Renounce Religion


You were on level 4 of the Dungeon.
You worshipped Vehumet.
Vehumet was noncommittal.
You were not hungry.

You visited 1 branch of the dungeon, and saw 4 of its levels.

You collected 84 gold pieces.

Inventory:

Hand weapons
 h - a +0 mace of crushing
 m - a +4 spear of flaming
 p - a +2 short sword of venom (weapon)
 r - a +0 club
 s - a +0 hunting sling
Missiles
 a - 69 stones (quivered)
 u - 6 sling bullets
 A - 6 needles of slowing
Armour
 b - a +0 robe (worn)
 j - a +0 hat (worn)
Jewellery
 g - an uncursed ring of poison resistance
 z - a +2 ring of intelligence (left hand)
Scrolls
 e - a scroll of enchant weapon {unknown}
 i - 3 scrolls of teleportation
 q - 3 scrolls of recharging
 t - a scroll of noise {unknown}
 v - a scroll of fog {unknown}
 x - a scroll of identify
 y - a scroll of remove curse {unknown}
 B - a scroll of magic mapping {unknown}
 D - a scroll of blinking
Potions
 f - a potion of mutation {unknown}
 k - a potion of cancellation {unknown}
 n - a potion of might {unknown}
 w - 2 potions of lignification
 C - a potion of resistance
 E - a potion of curing {unknown}
Books
 c - a book of Geomancy

   Spells                             Type                      Level
   a - Sandblast                      Earth                        1
   b - Stoneskin                      Transmutation/Earth          2
   c - Passwall                       Transmutation/Earth          3
   d - Stone Arrow                    Conjuration/Earth            3
   e - Petrify                        Transmutation/Earth          4
   f - Lee's Rapid Deconstruction     Earth                        5
Comestibles
 d - 3 bread rations
 o - 2 slices of pizza


   Skills:
 - Level 1.5 Dodging
 - Level 2.1 Stealth
 * Level 4.0 Spellcasting
 - Level 0.7 Transmutations
 + Level 5.0 Earth Magic


You had 3 spell levels left.
You knew the following spells:

 Your Spells              Type           Power        Failure   Level  Hunger
a - Sandblast             Erth           ###...       1%          1    None
b - Stoneskin             Trmt/Erth      ##......     10%         2    ##.....
c - Stone Arrow           Conj/Erth      ##....       14%         3    ###....
d - Passwall              Trmt/Erth      ##........   14%         3    ###....


Dungeon Overview and Level Annotations

Branches:
Dungeon (4/15)
 Temple: D:4-7

Altars:
Kikubaaqudgha
Okawaru
Sif Muna
Vehumet


Innate Abilities, Weirdness & Mutations

You are resistant to torment.
Your stone body is resilient (AC +4).
You are immune to poison.
You resist negative energy.
You are resistant to electric shocks.
You can survive without breathing.
You are immune to petrification.
You are immune to rotting.


Message History

The orc priest hits you but does no damage.
You hit the orc priest.
The orc priest is poisoned.
The orc priest is almost dead.
You kill the orc priest!
Vehumet accepts your kill.
Your Spellcasting skill increases to level 4!
Your Earth Magic skill increases to level 5!
You have reached level 5!
You hear some strange, mumbled words.
Deactivating autopickup; reactivate with Ctrl-A.
Something tries to affect you, but you resist.
The hobgoblin closely misses you.
You hear some strange, mumbled words.
You are confused.
You're too confused to move!
You hear some strange, mumbled words.
You are more confused.
The orc priest mumbles some strange prayers to Beogh against you.
Something smites you!
You die...

#....o).'$.....
#....####......
#.#.## .....
#.### ..>.
###o# ...
##...## +#
#.....#
#.g...#####
#?.@......#
#.........#
#.#.#..#....
#<#.#.....##
#.#.#.#.#.#
#.#.....# #
#........
###### #


You could see an orc priest and a hobgoblin.

Vanquished Creatures
  An orc priest (D:4)
  An orc wizard (D:4)
  3 adders (D:3)
  An ooze (D:3)
  A giant gecko (D:1)
  A ball python (D:2)
  2 giant cockroaches (D:2)
  7 goblins
  3 hobgoblins
  4 jackals (D:3)
  A quokka (D:4)
  7 bats
  4 giant newts
  A jackal skeleton (D:3)
  6 kobolds
  5 rats
48 creatures vanquished.

Notes
Turn   | Place    | Note
--------------------------------------------------------------
     0 | D:1      | mrath the Gargoyle Earth Elementalist began the quest for the Orb.
     0 | D:1      | Reached XP level 1. HP: 10/10 MP: 3/3
   157 | D:1      | Reached XP level 2. HP: 15/15 MP: 3/5
   251 | D:1      | Learned a level 2 spell: Stoneskin
   691 | D:1      | Reached skill level 4 in Earth Magic
  1184 | D:2      | Reached XP level 3. HP: 19/19 MP: 7/7
  1878 | D:3      | Found an ancient bone altar of Kikubaaqudgha.
  2070 | D:3      | Found a deep blue altar of Sif Muna.
  2164 | D:3      | Reached XP level 4. HP: 22/24 MP: 4/8
  2187 | D:3      | Learned a level 3 spell: Stone Arrow
  2191 | D:3      | Learned a level 3 spell: Passwall
  2413 | D:3      | Found a radiant altar of Vehumet.
  2414 | D:3      | Found an iron altar of Okawaru.
  2422 | D:3      | Became a worshipper of Vehumet
  2718 | D:4      | HP: 1/24 [orc priest/divine providence (12)]
  2733 | D:4      | Reached skill level 5 in Earth Magic
  2733 | D:4      | Reached XP level 5. HP: 2/28 MP: 5/11
  2747 | D:4      | Killed from afar by an orc priest

Vault maps used:
D:1:      erik_arrival_blinker_ship
D:2:      first_bread, minmay_misc_feat_four_crosses
D:3:      gammafunk_temple_overflow_statue, lemuel_doored_altar,
          minmay_misc_feat_tiny, lemuel_blue_sif_altar
D:4:      corexii_shantytown, zin_academy, serial_shops, shop,
          kennysheep_generic_room_2, uniq_eustachio

Action                   |  1- 3 |  4- 6 || total
-------------------------+-------+-------++-------
Melee: Unarmed           |     8 |       ||     8
       Short sword       |     4 |     6 ||    10
 Fire: Hunting sling     |     3 |     9 ||    12
Throw: Stone             |    37 |     3 ||    40
 Cast: Sandblast         |    48 |     8 ||    56
       Stone Arrow       |       |     1 ||     1
  Use: Scroll            |     4 |     3 ||     7
       Potion            |     1 |     2 ||     3
  Eat: Meat ration       |     1 |       ||     1
       Royal jelly       |       |     1 ||     1
